 Dungeon Crawl Stone Soup version 0.28.0 (webtiles) character file.

Game seed: 14707550228529221428

36 willcat the Sneak (level 3, 0/23 HPs)
             Began as a Kobold Delver on Feb 5, 2022.
             Succumbed to a scorpion's poison
             ... on level 5 of the Dungeon.
             The game lasted 00:00:35 (88 turns).

willcat the Sneak (Kobold Delver)                     Turns: 88, Time: 00:00:35

Health: 0/23       AC:  3    Str:  9    XL:     3   Next: 57%
Magic:  3/3        EV: 15    Int: 11    God:
Gold:   11         SH:  0    Dex: 18    Spells: 2/2 levels left

rFire   . . .      SeeInvis .   a - +0 short sword
rCold   . . .      Faith    .   (no shield)
rNeg    . . .      Spirit   .   b - +0 leather armour
rPois   .          Reflect  .   (helmet restricted)
rElec   .          Harm     .   (no cloak)
rCorr   .          Rampage  .   (no gloves)
Will    +....                   (no boots)
Stlth   ++++......              (no amulet)
HPRegen 0.07/turn               (no ring)
MPRegen 0.08/turn               (no ring)

@: lethally poisoned (0 -> -1), hasted, very quick
A: small, no large weapons, nightstalker 3, antennae 1, strong-willed 1
a: no special abilities


You were on level 5 of the Dungeon.
You visited 1 branch of the dungeon, and saw 1 of its levels.

You collected 11 gold pieces.

Inventory:

Hand Weapons
 a - a +0 short sword (weapon)
Armour
 b - a +0 leather armour (worn)
 e - a +1 pair of gloves
Wands
 g - a wand of digging (3)
Scrolls
 c - a scroll of fog
 d - a scroll of magic mapping


   Skills:
 - Level 3.2 Fighting
 + Level 3.5 Short Blades
 + Level 3.2 Dodging
 + Level 7.1 Stealth


You had 2 spell levels left.
You didn't know any spells.
Your spell library was empty.

Dungeon Overview and Level Annotations

Branches:
Dungeon (5/15)
 Temple: D:4-7

Altars:


Innate Abilities, Weirdness & Mutations

You are small and have problems with some larger weapons.
You are completely attuned to the shadows.
You have a pair of small antennae on your head.
You are strong-willed. (Will+)


Message History

Things that are here:
a +1 pair of gloves; an emerald potion
e - a +1 pair of gloves;
i - an emerald potion You feel sick.
The scorpion stings you but does no damage.
Unknown command.
It was a potion of mutation.
You feel extremely strange. A pair of antennae grows on your head!
You feel strong-willed.
You feel sick. The scorpion stings you.
* * * LOW HITPOINT WARNING * * *
You are more poisoned.
The scorpion poisons you!
Unknown command.
You feel much better.
You feel very sick. The scorpion closely misses you.
You feel yourself speed up.
You feel very sick. The scorpion stings you.
You feel sick.
You feel sick.
You feel sick.
The scorpion stings you but does no damage.
* * * LOW HITPOINT WARNING * * *
You feel sick.
* * * LOW HITPOINT WARNING * * *
You feel sick.
* * * LOW HITPOINT WARNING * * *
You feel sick.
You aren't carrying any potions.
Unknown command.
Okay, then.
Okay, then.
* * * LOW HITPOINT WARNING * * *
You feel sick.
* * * LOW HITPOINT WARNING * * *
You feel sick.
* * * LOW HITPOINT WARNING * * *
You feel sick.
You die...

#..# .. #s.#... #..#$..
#################..)...
....>..OZ.....Z....#...
.###.#############.# ..
#.# ##.# ...
#.############.)####.###
#....O.s...@...........
#################.##.#
#....## ####..# ##.# #.#
#.# #.# #.#


You could see a scorpion.

Vanquished Creatures
  An iguana (D:5)
  An adder (D:5)
  An orc (D:5)
3 creatures vanquished.

Notes
Turn   | Place    | Note
-------+----------+-------------------------------------------
     0 | D:5      | willcat the Kobold Delver began the quest for the Orb.
     0 | D:5      | Reached XP level 1. HP: 14/14 MP: 1/1
     6 | D:5      | Noticed an iguana
    10 | D:5      | Killed an iguana
    11 | D:5      | Reached skill level 7 in Stealth
    11 | D:5      | Reached XP level 2. HP: 19/19 MP: 2/2
    11 | D:5      | Reached XP level 3. HP: 23/23 MP: 3/3
    51 | D:5      | Noticed an ogre
    52 | D:5      | Noticed a scorpion
    74 | D:5      | Gained mutation: You have a pair of small antennae on your
                  | head. [potion of mutation]
    74 | D:5      | Gained mutation: You are strong-willed. (Will+) [potion of
                  | mutation]
    87 | D:5      | HP: 1/23 [poisoned by a scorpion]
    88 | D:5      | Succumbed to a scorpion's poison

Illustrated notes

Levels and vault maps discovered:
D:5:      layout_basic, general_overflow_altar, old_standard_altar

Skill      XL: |  1 |
---------------+----+-----
Short Blades   | 3 |  3.5
Dodging        | 3 |  3.2
Stealth        | 7 |  7.1
Fighting       | |  3.2

Action                   || total
-------------------------++-------
Melee: Short sword       ||    18
  Use: Potion            ||     4
       Scroll            ||     1
 Stab: Sleeping          ||     3
Armor: Leather armour    ||     3
Dodge: Dodged            ||    14
